AoeStats
← | ArCas | Toruk Makto

Nomad

504328929Analyzed
4v4 RM · 27d ago on Sep 4, 2026· 37m 38s· 8 players
Game mode
Random Map
Map size
231×231
Population
200
Speed
Normal
Resources
Standard
Victory
Conquest
Starting age
Dark Age
Ending age
Imperial Age
RankedLock teamsTeams togetherTeam positionsShared explorationLock speedFull tech treeHidden civsTurbo modeCheats
Victory
Defeat
🇬🇧 Bengalis · United Kingdom
1531
+10
🇵🇹 Sicilians · Portugal
1497
+11
🇨🇦 Tupi · Canada
1463
+12
🇬🇧 Malay · United Kingdom
1351
+17
🇦🇷 Muisca · Argentina
1408
-14
🇦🇷 Turks · Argentina
1380
-12
🇦🇷 Armenians · Argentina
1375
-12
🇦🇷 Celts · Argentina
1366
-12
MatRm10
6:00 Loom
16:28 Feudal Age
17:16 Double-Bit Axe
18:04 Fishing Lines
20:49 Castle Age
18:41 Fishing Lines
19:01 Double-Bit Axe
19:42 Gold Mining
20:08 Padded Archer Armor
20:22 Stone Mining
22:16 Medium Warships
22:27 Bow Saw
23:27 Leather Archer Armor
24:03 Wheelbarrow
27:17 Horse Collar
29:05 Fletching
31:53 Sipahi
32:01 Hand Cart
35:17 Thumb Ring
38:25 Imperial Age
| ArCas | Ahsoka Tano
5:20 Loom
14:24 Feudal Age
17:58 Castle Age
16:08 Double-Bit Axe
18:44 Forging
23:18 Fletching
29:21 Bodkin Arrow
34:01 Imperial Age
32:57 Iron Casting
32:54 Horse Collar
33:06 Gold Mining
| ArCas | Toruk Makto
14:31 Feudal Age
18:18 Castle Age
16:24 Loom
17:45 Double-Bit Axe
17:52 Stone Mining
18:27 Horse Collar
19:37 Forging
19:28 Scale Mail Armor
28:50 Fletching
31:12 Heavy Plow
| ArCas | Sir.Ichiro
3:23 Loom
12:56 Feudal Age
13:41 Double-Bit Axe
20:06 Fletching
22:30 Castle Age
22:02 Wheelbarrow
23:44 Bow Saw
23:17 Horse Collar
25:18 Scale Mail Armor
24:43 Man-at-Arms
25:08 Gambesons
26:17 Bodkin Arrow
27:32 Long Swordsman
29:46 Chain Mail Armor
31:44 Padded Archer Armor
33:41 Leather Archer Armor
35:07 Ballistics
Funkyton
4:56 Loom
13:58 Feudal Age
14:54 Fishing Lines
17:36 Castle Age
16:21 Fletching
16:24 Double-Bit Axe
18:14 Bodkin Arrow
18:39 Padded Archer Armor
22:53 Ballistics
24:13 Leather Archer Armor
24:44 Gold Mining
28:24 Imperial Age
27:30 Gillnets
29:18 Bracer
31:47 Curare
32:35 Elite Blackwood Archer
34:59 Conscription
35:18 Town Watch
37:39 Ring Archer Armor
Mortis
4:58 Loom
13:56 Feudal Age
14:58 Double-Bit Axe
16:00 Fishing Lines
17:43 Town Watch
19:01 Gold Mining
21:26 Castle Age
19:38 Fletching
22:16 Bodkin Arrow
22:13 Gillnets
22:35 Bow Saw
23:04 Medium Warships
26:47 Wheelbarrow
26:09 Stone Mining
28:22 Gold Shaft Mining
28:35 Stone Shaft Mining
28:48 Ballistics
30:37 Hand Cart
32:32 Forging
32:23 Scale Mail Armor
32:25 Padded Archer Armor
35:12 Imperial Age
33:17 Masonry
34:09 First Crusade
35:27 Iron Casting
35:07 Chain Mail Armor
35:19 Elite Serjeant
36:46 Conscription
37:37 Plate Mail Armor
38:07 Blast Furnace
Mike'dugai
3:16 Loom
13:51 Feudal Age
18:30 Castle Age
16:54 Double-Bit Axe
17:10 Gold Mining
17:59 Fletching
17:54 Fishing Lines
19:02 Padded Archer Armor
19:48 Bow Saw
19:57 Bodkin Arrow
23:58 Ballistics
24:33 Treadmill Crane
26:23 Horse Collar
29:43 Paiks
31:57 Sanctity
32:26 Redemption
32:57 Sanctity
32:58 Gillnets
34:54 Wheelbarrow
35:54 Padded Archer Armor
37:13 Leather Archer Armor
38:01 Hand Cart
37:31 Town Watch
roguespoon
5:24 Loom
13:12 Feudal Age
12:57 Double-Bit Axe
21:21 Castle Age
19:51 Fletching
21:17 Medium Warships
21:09 Bodkin Arrow
26:11 Bow Saw
28:02 Ballistics
27:56 Careening
32:02 Wheelbarrow
31:26 Horse Collar
32:19 Town Watch
35:19 Scale Barding Armor
35:12 Gold Mining
35:49 Hand Cart
35:35 Town Patrol
38:42 Imperial Age
36:28 Forging
37:05 Fishing Lines
38:20 Iron Casting
38:07 Husbandry
Connection lost

Rejoining the realm…

Still unreachable

The connection could not be restored.

Session expired

The server has moved on; the page needs a fresh start.